[ PARTIDA AOE2 · #477118189 ]
UnrankedCumanos vs Franks
[ ANÁLISIS DE REPETICIÓN · EXTRAÍDO DE LA PARTIDA GRABADA ]
Feudal
14:04
Castillos
27:39
Imperial
—
| APM promedio | 23.6 |
| APM pico | 49 |
| eAPM promedio | 10.7 |
| Aldeanos / militares | 52 / 23 |
Foco
⚔️ 22.6% · 🌾 77.4%
Militia ×9 · Fishing Ship ×8 · Scout Cavalry ×8 · Spearman ×3 · Battering Ram ×3
Feudal
13:04
Castillos
17:11
Imperial
—
| APM promedio | 39.1 |
| APM pico | 77 |
| eAPM promedio | 17.3 |
| Aldeanos / militares | 107 / 33 |
Foco
⚔️ 24.7% · 🌾 75.3%
Knight ×20 · Fire Galley ×13 · Fishing Ship ×8
Feudal
14:22
Castillos
17:57
Imperial
—
| APM promedio | 30.3 |
| APM pico | 53 |
| eAPM promedio | 14.0 |
| Aldeanos / militares | 58 / 24 |
Foco
⚔️ 38.2% · 🌾 61.8%
Organ Gun ×17 · Fishing Ship ×9 · Battering Ram ×7 · Unknown (2626) ×1
Feudal
13:24
Castillos
17:44
Imperial
—
| APM promedio | 27.3 |
| APM pico | 60 |
| eAPM promedio | 13.7 |
| Aldeanos / militares | 58 / 38 |
Foco
⚔️ 18.1% · 🌾 81.9%
Magyar Huszar ×29 · Fishing Ship ×7 · Battering Ram ×5 · Petard ×3 · Fire Galley ×1
Feudal
12:48
Castillos
21:55
Imperial
—
| APM promedio | 50.8 |
| APM pico | 95 |
| eAPM promedio | 21.6 |
| Aldeanos / militares | 71 / 34 |
Foco
⚔️ 22.1% · 🌾 77.9%
Scout Cavalry ×34 · Fishing Ship ×5
Feudal
13:35
Castillos
21:24
Imperial
—
| APM promedio | 28.3 |
| APM pico | 59 |
| eAPM promedio | 13.2 |
| Aldeanos / militares | 59 / 19 |
Foco
⚔️ 22.2% · 🌾 77.8%
Unknown (2626) ×15 · Fishing Ship ×12 · Monk ×5 · Fire Galley ×5 · Galley ×4 · Spearman ×4
Feudal
15:10
Castillos
19:58
Imperial
—
| APM promedio | 34.6 |
| APM pico | 54 |
| eAPM promedio | 16.8 |
| Aldeanos / militares | 48 / 12 |
Foco
⚔️ 26.2% · 🌾 73.8%
Fishing Ship ×7 · Chakram Thrower ×6 · Spearman ×4 · Mangonel ×1 · Demolition Raft ×1
Feudal
19:08
Castillos
22:48
Imperial
—
| APM promedio | 31.8 |
| APM pico | 58 |
| eAPM promedio | 24.7 |
| Aldeanos / militares | 147 / 9 |
Foco
⚔️ 21.1% · 🌾 78.9%
Fishing Ship ×45 · Mangonel ×4 · Petard ×3 · Demolition Raft ×2
Mapa de la partida
Recursos iniciales + cada clic de construcción. Líneas = muros · curvas = relieve. ◆ oro · ⬟ piedra · ● bayas · ✦ reliquia · ◌ hueco del cierre
Tu base· Abierta — hueco de 8t
Base de MrDude· Abierta — hueco de 14t
Base de 21· Abierta — hueco de 3t
Base de Elite Rizz Master· Abierta — hueco de 10t
Base de [TOX2] A-c-Syno-666· Abierta — flanco sin cerrar
Base de The Ham-Star· Abierta — flanco sin cerrar
Base de KUKU77· Abierta — flanco sin cerrar
Base de MFL91· Abierta — hueco de 15t
Terreno inicial suavizado · ◌ = hueco del cierre detectado · pasá el cursor para detalles
Inputs por minuto
— tH_cept - - MrDude
Build order — tH_cept
123 acciones detectadas en el replay
| 0:32 | Construir | Town Center |
| 1:08 | Construir | Dock |
| 1:12 | Construir | House |
| 2:50 | Crear | Villager (Male) ×4 |
| 2:50 | Crear | Villager (Male) ×4 |
| 4:02 | Crear | Villager (Male) |
| 4:32 | Construir | House |
| 5:10 | Crear | Fishing Ship |
| 5:11 | Crear | Villager (Male) |
| 5:13 | Investigar | Loom |
| 5:44 | Crear | Villager (Male) |
| 5:48 | Crear | Fishing Ship |
| 6:25 | Crear | Villager (Male) |
| 6:40 | Construir | House |
| 6:44 | Crear | Villager (Male) |
| 7:25 | Crear | Villager (Male) |
| 7:26 | Crear | Villager (Male) |
| 7:27 | Crear | Fishing Ship |
| 7:31 | Construir | House |
| 8:07 | Crear | Villager (Male) |
| 8:07 | Crear | Villager (Male) |
| 8:07 | Crear | Villager (Male) |
| 8:20 | Crear | Fishing Ship |
| 8:32 | Crear | Fishing Ship |
| 8:39 | Crear | Villager (Male) |
| 8:50 | Construir | Mill |
| 9:17 | Crear | Villager (Male) |
| 9:21 | Crear | Fishing Ship |
| 9:56 | Crear | Villager (Male) |
| 10:03 | Construir | House |
| 10:19 | Crear | Villager (Male) |
| 10:19 | Crear | Villager (Male) |
| 10:46 | Crear | Fishing Ship |
| 10:50 | Crear | Fishing Ship |
| 11:05 | Construir | House |
| 11:14 | Construir | Mining Camp |
| 11:28 | Crear | Villager (Male) |
| 11:29 | Crear | Villager (Male) |
| 11:54 | Investigar | Feudal Age |
| 12:59 | Construir | Barracks |
| 13:50 | Crear | Villager (Male) |
| 13:50 | Crear | Villager (Male) |
| 13:50 | Crear | Villager (Male) |
| 14:04 | Edad | Edad Feudal |
| 14:09 | Construir | Blacksmith |
| 14:28 | Construir | Stable |
| 14:32 | Investigar | Man-at-Arms (upgrade) |
| 14:36 | Crear | Villager (Male) |
| 14:50 | Crear | Militia |
| 14:53 | Crear | Militia |
| 15:25 | Construir | Siege Workshop |
| 15:32 | Crear | Villager (Male) |
| 15:34 | Crear | Militia |
| 15:39 | Investigar | Forging |
| 15:46 | Construir | House |
| 15:51 | Crear | Villager (Male) |
| 16:05 | Crear | Militia |
| 16:17 | Crear | Scout Cavalry |
| 16:18 | Crear | Scout Cavalry |
| 16:21 | Crear | Battering Ram |
| 16:30 | Crear | Militia |
| 16:38 | Construir | House |
| 16:43 | Construir | House |
| 16:45 | Construir | House |
| 16:56 | Crear | Villager (Male) |
| 17:16 | Crear | Battering Ram |
| 17:23 | Crear | Militia |
| 17:27 | Crear | Scout Cavalry |
| 17:36 | Investigar | Scale Mail Armor |
| 17:39 | Crear | Villager (Male) |
| 17:55 | Crear | Scout Cavalry |
| 18:00 | Crear | Militia |
| 18:17 | Crear | Militia |
| 18:29 | Crear | Militia |
| 18:31 | Crear | Scout Cavalry |
| 19:40 | Crear | Villager (Male) |
| 19:40 | Crear | Villager (Male) |
| 19:40 | Crear | Villager (Male) |
| 19:44 | Construir | Town Center |
| 20:02 | Crear | Battering Ram |
| 20:06 | Crear | Scout Cavalry |
| 20:09 | Crear | Villager (Male) |
| 20:09 | Crear | Villager (Male) |
| 20:14 | Investigar | Horse Collar |
| 20:37 | Construir | Fish Trap |
| 20:39 | Construir | Fish Trap |
| 20:41 | Construir | Fish Trap |
| 20:58 | Crear | Villager (Male) |
| 21:32 | Construir | Palisade Wall |
| 21:51 | Crear | Spearman |
| 21:51 | Crear | Spearman |
| 22:06 | Crear | Spearman |
| 22:08 | Crear | Villager (Male) |
| 22:08 | Crear | Villager (Male) |
| 22:18 | Crear | Villager (Male) |
| 22:20 | Crear | Scout Cavalry |
| 22:20 | Crear | Scout Cavalry |
| 23:21 | Construir | Market |
| 23:55 | Crear | Villager (Male) |
| 23:55 | Crear | Villager (Male) |
| 24:59 | Investigar | Castle Age |
| 25:36 | Construir | Watch Tower |
| 25:43 | Construir | Mining Camp |
| 25:53 | Construir | Watch Tower |
| 26:03 | Investigar | Fletching |
| 26:46 | Construir | Palisade Wall |
| 27:39 | Edad | Edad de los Castillos |
| 28:02 | Construir | Town Center |
| 29:34 | Construir | Lumber Camp |
| 29:45 | Investigar | Wheelbarrow |
| 30:54 | Crear | Villager (Male) |
| 30:54 | Crear | Villager (Male) |
| 30:54 | Crear | Villager (Male) |
| 30:55 | Crear | Villager (Male) |
| 31:02 | Construir | Fish Trap |
| 31:04 | Construir | Fish Trap |
| 31:06 | Construir | Fish Trap |
| 31:27 | Construir | Fish Trap |
| 31:34 | Construir | Fish Trap |
| 32:34 | Crear | Villager (Male) |
| 32:35 | Crear | Villager (Male) |
| 32:35 | Crear | Villager (Male) |
| 32:36 | Crear | Villager (Male) |
Build order — MrDude
Primeras 150 de 254 acciones detectadas
| 0:15 | Construir | Town Center |
| 1:30 | Construir | Dock |
| 2:48 | Crear | Villager (Male) |
| 2:48 | Crear | Villager (Male) |
| 2:48 | Crear | Villager (Male) |
| 2:48 | Crear | Villager (Male) |
| 3:00 | Construir | House |
| 3:51 | Crear | Fishing Ship |
| 4:39 | Crear | Villager (Male) |
| 4:40 | Construir | House |
| 5:16 | Crear | Fishing Ship |
| 5:48 | Construir | House |
| 5:53 | Crear | Villager (Male) |
| 6:06 | Crear | Fishing Ship |
| 6:39 | Crear | Villager (Male) |
| 7:01 | Crear | Villager (Male) |
| 7:02 | Crear | Fishing Ship |
| 7:10 | Construir | House |
| 7:33 | Crear | Villager (Male) |
| 7:47 | Crear | Fishing Ship |
| 7:59 | Crear | Villager (Male) |
| 8:12 | Crear | Villager (Male) |
| 8:17 | Construir | House |
| 8:24 | Crear | Villager (Male) |
| 8:26 | Crear | Fishing Ship |
| 8:49 | Crear | Villager (Male) |
| 8:59 | Crear | Villager (Male) |
| 9:12 | Crear | Fishing Ship |
| 9:43 | Construir | Mill |
| 10:10 | Crear | Villager (Male) |
| 10:36 | Crear | Fishing Ship |
| 10:48 | Construir | House |
| 10:54 | Investigar | Feudal Age |
| 11:52 | Construir | House |
| 12:27 | Construir | House |
| 12:34 | Construir | House |
| 13:04 | Edad | Edad Feudal |
| 13:10 | Crear | Villager (Male) |
| 13:13 | Construir | Market |
| 13:15 | Construir | House |
| 13:30 | Construir | House |
| 13:38 | Crear | Villager (Male) |
| 13:50 | Construir | Blacksmith |
| 14:06 | Crear | Villager (Male) |
| 14:26 | Construir | House |
| 14:29 | Investigar | Castle Age |
| 15:12 | Crear | Fire Galley |
| 15:12 | Crear | Fire Galley |
| 15:40 | Construir | Lumber Camp |
| 16:03 | Construir | Dock |
| 16:19 | Crear | Villager (Male) |
| 16:46 | Crear | Fire Galley |
| 16:46 | Crear | Fire Galley |
| 17:08 | Construir | House |
| 17:11 | Edad | Edad de los Castillos |
| 17:26 | Crear | Villager (Male) |
| 18:03 | Investigar | War Galley (upgrade) |
| 18:04 | Crear | Villager (Male) |
| 18:04 | Crear | Villager (Male) |
| 18:20 | Construir | House |
| 18:26 | Crear | Fire Galley |
| 18:43 | Crear | Fire Galley |
| 18:45 | Crear | Villager (Male) |
| 19:20 | Crear | Villager (Male) |
| 19:24 | Construir | Town Center |
| 19:54 | Crear | Fire Galley |
| 19:54 | Crear | Fire Galley |
| 19:55 | Crear | Villager (Male) |
| 20:24 | Crear | Villager (Male) |
| 20:26 | Crear | Fire Galley |
| 20:27 | Crear | Villager (Male) |
| 20:27 | Crear | Villager (Male) |
| 20:31 | Crear | Villager (Male) |
| 20:33 | Investigar | Double-Bit Axe |
| 20:47 | Crear | Fire Galley |
| 20:49 | Crear | Villager (Male) |
| 21:00 | Crear | Fire Galley |
| 21:13 | Crear | Villager (Male) |
| 21:39 | Crear | Fire Galley |
| 21:39 | Crear | Fire Galley |
| 22:03 | Crear | Villager (Male) |
| 22:15 | Construir | Town Center |
| 22:22 | Construir | House |
| 22:27 | Crear | Villager (Male) |
| 22:30 | Crear | Villager (Male) |
| 22:31 | Crear | Villager (Male) |
| 22:44 | Crear | Villager (Male) |
| 23:16 | Crear | Villager (Male) |
| 23:19 | Investigar | Bow Saw |
| 23:47 | Crear | Villager (Male) |
| 23:52 | Crear | Villager (Male) |
| 23:52 | Crear | Villager (Male) |
| 23:56 | Construir | Farm |
| 23:56 | Construir | Farm |
| 23:56 | Construir | Farm |
| 23:58 | Construir | Farm |
| 23:59 | Construir | Farm |
| 23:59 | Construir | Farm |
| 23:59 | Construir | Farm |
| 23:59 | Construir | Farm |
| 24:00 | Construir | Farm |
| 24:00 | Construir | Farm |
| 24:00 | Construir | Farm |
| 24:06 | Investigar | Loom |
| 24:35 | Crear | Villager (Male) |
| 24:38 | Construir | Farm |
| 24:38 | Construir | Farm |
| 24:38 | Construir | Farm |
| 24:38 | Construir | Farm |
| 24:39 | Construir | Farm |
| 24:52 | Crear | Villager (Male) |
| 24:52 | Crear | Villager (Male) |
| 24:52 | Crear | Villager (Male) |
| 25:02 | Construir | House |
| 25:13 | Crear | Villager (Male) |
| 25:14 | Crear | Villager (Male) |
| 25:14 | Crear | Villager (Male) |
| 25:14 | Crear | Villager (Male) |
| 25:23 | Investigar | Wheelbarrow |
| 25:39 | Crear | Villager (Male) |
| 25:49 | Construir | Town Center |
| 26:03 | Crear | Villager (Male) |
| 26:03 | Crear | Villager (Male) |
| 26:04 | Crear | Villager (Male) |
| 26:07 | Construir | House |
| 26:08 | Construir | House |
| 26:09 | Construir | House |
| 26:11 | Construir | House |
| 26:37 | Crear | Villager (Male) |
| 26:37 | Crear | Villager (Male) |
| 26:37 | Crear | Villager (Male) |
| 26:37 | Crear | Villager (Male) |
| 26:38 | Crear | Villager (Male) |
| 26:47 | Construir | Dock |
| 26:55 | Crear | Villager (Male) |
| 26:55 | Crear | Villager (Male) |
| 26:55 | Crear | Villager (Male) |
| 26:55 | Crear | Villager (Male) |
| 27:13 | Crear | Villager (Male) |
| 27:15 | Construir | Farm |
| 27:15 | Construir | Farm |
| 27:15 | Construir | Farm |
| 27:16 | Construir | Farm |
| 27:16 | Construir | Farm |
| 27:16 | Construir | Farm |
| 27:16 | Construir | Farm |
| 27:21 | Crear | Villager (Male) |
| 27:21 | Crear | Villager (Male) |
| 27:21 | Crear | Villager (Male) |
| 27:22 | Crear | Villager (Male) |
Build order — 21
117 acciones detectadas en el replay
| 0:38 | Construir | Town Center |
| 0:46 | Construir | House |
| 2:04 | Construir | Dock |
| 2:59 | Crear | Villager (Male) ×4 |
| 3:56 | Crear | Fishing Ship |
| 4:21 | Construir | House |
| 5:16 | Crear | Villager (Male) |
| 5:17 | Crear | Fishing Ship |
| 5:44 | Crear | Villager (Male) |
| 5:55 | Crear | Villager (Male) |
| 6:03 | Crear | Fishing Ship |
| 6:29 | Construir | House |
| 6:47 | Crear | Villager (Male) |
| 6:48 | Crear | Villager (Male) |
| 7:14 | Crear | Fishing Ship |
| 7:14 | Crear | Villager (Male) |
| 7:22 | Construir | House |
| 7:40 | Crear | Villager (Male) |
| 8:06 | Crear | Villager (Male) |
| 8:08 | Crear | Fishing Ship |
| 8:11 | Crear | Villager (Male) |
| 8:41 | Crear | Villager (Male) |
| 8:41 | Crear | Villager (Male) |
| 8:42 | Crear | Fishing Ship |
| 8:48 | Construir | House |
| 9:01 | Crear | Villager (Male) |
| 9:22 | Crear | Villager (Male) |
| 9:22 | Crear | Villager (Male) |
| 9:23 | Crear | Fishing Ship |
| 9:45 | Crear | Villager (Male) |
| 9:47 | Crear | Fishing Ship |
| 9:53 | Construir | House |
| 10:27 | Crear | Villager (Male) |
| 10:35 | Construir | Mill |
| 11:44 | Construir | Mining Camp |
| 11:49 | Crear | Fishing Ship |
| 11:58 | Investigar | Feudal Age |
| 12:41 | Crear | Villager (Male) |
| 12:41 | Crear | Villager (Male) |
| 13:18 | Construir | House |
| 14:22 | Edad | Edad Feudal |
| 14:24 | Construir | Blacksmith |
| 14:31 | Construir | Market |
| 14:34 | Investigar | Town Watch |
| 14:43 | Construir | Mining Camp |
| 15:17 | Investigar | Castle Age |
| 15:25 | Construir | Outpost |
| 15:30 | Investigar | Stone Mining |
| 15:33 | Construir | Lumber Camp |
| 16:02 | Construir | Outpost |
| 16:06 | Investigar | Loom |
| 16:12 | Investigar | Double-Bit Axe |
| 16:53 | Construir | Outpost |
| 17:21 | Construir | Palisade Gate |
| 17:22 | Construir | Palisade Wall |
| 17:26 | Construir | Palisade Wall |
| 17:28 | Construir | Palisade Wall |
| 17:35 | Construir | Palisade Gate |
| 17:57 | Edad | Edad de los Castillos |
| 18:03 | Construir | Castle |
| 18:08 | Crear | Villager (Male) |
| 18:17 | Construir | Siege Workshop |
| 18:19 | Crear | Villager (Male) |
| 18:20 | Crear | Villager (Male) |
| 18:35 | Construir | Outpost |
| 20:07 | Crear | Villager (Male) ×5 |
| 20:08 | Crear | Villager (Male) ×5 |
| 20:08 | Crear | Villager (Male) ×5 |
| 21:01 | Crear | Organ Gun |
| 21:01 | Crear | Organ Gun |
| 21:13 | Construir | Outpost |
| 21:41 | Crear | Unit 2626 |
| 21:48 | Construir | Outpost |
| 21:52 | Crear | Organ Gun |
| 22:24 | Crear | Battering Ram |
| 22:28 | Crear | Organ Gun |
| 22:29 | Crear | Organ Gun |
| 23:16 | Crear | Battering Ram |
| 23:18 | Crear | Organ Gun |
| 23:19 | Crear | Organ Gun |
| 23:22 | Crear | Villager (Male) |
| 23:22 | Crear | Villager (Male) |
| 23:39 | Construir | Outpost |
| 24:07 | Crear | Battering Ram |
| 24:09 | Crear | Organ Gun |
| 24:26 | Crear | Battering Ram |
| 24:26 | Crear | Villager (Male) |
| 24:27 | Crear | Villager (Male) |
| 24:27 | Crear | Villager (Male) |
| 24:50 | Crear | Organ Gun |
| 24:56 | Construir | Mining Camp |
| 25:01 | Crear | Organ Gun |
| 25:20 | Construir | Outpost |
| 25:36 | Crear | Organ Gun |
| 25:37 | Crear | Villager (Male) |
| 25:38 | Crear | Villager (Male) |
| 26:08 | Crear | Organ Gun |
| 26:26 | Construir | House |
| 26:26 | Construir | House |
| 27:25 | Crear | Battering Ram |
| 27:40 | Crear | Battering Ram |
| 27:41 | Crear | Organ Gun |
| 27:42 | Crear | Villager (Male) |
| 27:42 | Crear | Villager (Male) |
| 27:42 | Crear | Villager (Male) |
| 28:05 | Crear | Villager (Male) |
| 28:06 | Crear | Villager (Male) |
| 28:16 | Crear | Villager (Male) ×4 |
| 28:18 | Construir | Lumber Camp |
| 28:33 | Crear | Organ Gun |
| 28:34 | Crear | Battering Ram |
| 29:00 | Construir | Outpost |
| 29:08 | Crear | Organ Gun |
| 29:25 | Construir | Outpost |
| 30:12 | Crear | Organ Gun |
| 30:38 | Crear | Organ Gun |
| 33:24 | Crear | Villager (Male) ×2 |
Build order — Elite Rizz Master
Primeras 150 de 169 acciones detectadas
| 0:26 | Construir | Town Center |
| 2:41 | Construir | Dock |
| 2:42 | Crear | Villager (Male) |
| 2:42 | Crear | Villager (Male) |
| 2:43 | Crear | Villager (Male) |
| 2:43 | Crear | Villager (Male) |
| 2:43 | Crear | Villager (Male) |
| 2:48 | Construir | House |
| 4:15 | Crear | Villager (Male) |
| 4:26 | Crear | Fishing Ship |
| 4:57 | Crear | Villager (Male) |
| 5:05 | Construir | House |
| 5:12 | Investigar | Loom |
| 5:27 | Crear | Fishing Ship |
| 5:44 | Crear | Villager (Male) |
| 5:44 | Crear | Villager (Male) |
| 6:08 | Crear | Villager (Male) |
| 6:22 | Crear | Fishing Ship |
| 6:28 | Construir | House |
| 6:44 | Crear | Villager (Male) |
| 7:01 | Crear | Villager (Male) |
| 7:14 | Crear | Fishing Ship |
| 7:29 | Construir | Outpost |
| 7:37 | Crear | Villager (Male) |
| 7:37 | Crear | Villager (Male) |
| 8:05 | Crear | Villager (Male) |
| 8:06 | Crear | Villager (Male) |
| 8:15 | Construir | House |
| 8:16 | Crear | Fishing Ship |
| 8:42 | Crear | Villager (Male) |
| 9:00 | Crear | Villager (Male) |
| 9:13 | Construir | Mining Camp |
| 9:16 | Crear | Villager (Male) |
| 9:49 | Construir | Outpost |
| 9:52 | Crear | Villager (Male) |
| 10:12 | Crear | Fishing Ship |
| 10:26 | Construir | Outpost |
| 10:28 | Construir | House |
| 10:39 | Construir | House |
| 11:12 | Investigar | Feudal Age |
| 11:21 | Construir | Mill |
| 11:33 | Construir | Outpost |
| 11:49 | Crear | Fishing Ship |
| 12:46 | Construir | Outpost |
| 12:52 | Construir | Outpost |
| 12:57 | Crear | Villager (Male) |
| 13:24 | Edad | Edad Feudal |
| 13:26 | Crear | Villager (Male) |
| 13:34 | Construir | Market |
| 13:41 | Crear | Villager (Male) |
| 13:51 | Crear | Villager (Male) |
| 14:20 | Construir | Blacksmith |
| 15:04 | Investigar | Castle Age |
| 15:07 | Construir | House |
| 15:20 | Crear | Fire Galley |
| 15:46 | Investigar | Town Watch |
| 15:58 | Investigar | Fletching |
| 16:16 | Construir | Outpost |
| 16:19 | Construir | House |
| 16:23 | Crear | Villager (Male) |
| 17:11 | Crear | Villager (Male) |
| 17:11 | Crear | Villager (Male) |
| 17:25 | Construir | House |
| 17:44 | Edad | Edad de los Castillos |
| 18:02 | Construir | Castle |
| 18:06 | Construir | House |
| 18:10 | Construir | Palisade Wall |
| 18:15 | Construir | Palisade Gate |
| 18:20 | Crear | Villager (Male) |
| 18:32 | Construir | Siege Workshop |
| 18:36 | Crear | Villager (Male) |
| 18:47 | Construir | Lumber Camp |
| 19:05 | Construir | Barracks |
| 19:11 | Construir | Palisade Wall |
| 19:14 | Construir | Palisade Gate |
| 19:25 | Crear | Villager (Male) |
| 19:28 | Crear | Villager (Male) |
| 19:47 | Crear | Villager (Male) |
| 20:05 | Crear | Battering Ram |
| 20:07 | Crear | Magyar Huszar |
| 20:07 | Crear | Magyar Huszar |
| 20:37 | Crear | Battering Ram |
| 20:40 | Crear | Villager (Male) |
| 21:00 | Crear | Villager (Male) |
| 21:01 | Investigar | Double-Bit Axe |
| 21:23 | Crear | Villager (Male) |
| 21:37 | Crear | Battering Ram |
| 21:40 | Crear | Magyar Huszar |
| 22:02 | Crear | Villager (Male) |
| 22:15 | Crear | Villager (Male) |
| 22:28 | Crear | Magyar Huszar |
| 22:31 | Crear | Villager (Male) |
| 22:31 | Crear | Villager (Male) |
| 22:35 | Construir | Stable |
| 22:39 | Construir | House |
| 22:41 | Construir | House |
| 22:42 | Construir | House |
| 22:42 | Construir | House |
| 22:58 | Crear | Magyar Huszar |
| 23:19 | Investigar | Scale Barding Armor |
| 24:13 | Construir | Farm |
| 24:14 | Construir | Farm |
| 24:14 | Construir | Farm |
| 24:14 | Construir | Farm |
| 24:14 | Construir | Farm |
| 24:14 | Construir | Farm |
| 24:15 | Construir | Farm |
| 24:15 | Construir | Farm |
| 24:15 | Construir | Farm |
| 24:15 | Construir | Farm |
| 24:19 | Crear | Villager (Male) |
| 24:20 | Crear | Villager (Male) |
| 24:44 | Crear | Magyar Huszar |
| 24:57 | Construir | Farm |
| 24:57 | Construir | Farm |
| 24:57 | Construir | Farm |
| 24:57 | Construir | Farm |
| 24:58 | Crear | Villager (Male) |
| 25:30 | Crear | Battering Ram |
| 25:35 | Crear | Petard |
| 25:38 | Crear | Petard |
| 25:40 | Crear | Villager (Male) |
| 26:08 | Crear | Battering Ram |
| 26:10 | Crear | Petard |
| 26:13 | Crear | Villager (Male) |
| 26:15 | Crear | Magyar Huszar |
| 26:15 | Crear | Magyar Huszar |
| 26:32 | Crear | Villager (Male) |
| 26:43 | Construir | Mill |
| 26:52 | Crear | Villager (Male) |
| 27:05 | Investigar | Husbandry |
| 27:18 | Crear | Magyar Huszar |
| 27:18 | Crear | Magyar Huszar |
| 27:18 | Crear | Magyar Huszar |
| 27:19 | Crear | Magyar Huszar |
| 27:41 | Investigar | Bloodlines |
| 27:51 | Crear | Magyar Huszar ×3 |
| 27:51 | Crear | Magyar Huszar ×3 |
| 28:53 | Crear | Magyar Huszar |
| 28:53 | Crear | Magyar Huszar ×5 |
| 29:15 | Crear | Magyar Huszar |
| 29:15 | Crear | Magyar Huszar |
| 29:18 | Crear | Villager (Male) |
| 29:18 | Crear | Villager (Male) |
| 29:23 | Construir | Town Center |
| 29:26 | Crear | Villager (Male) |
| 29:26 | Crear | Villager (Male) |
| 30:42 | Investigar | Wheelbarrow |
| 30:42 | Crear | Villager (Male) |
| 30:45 | Crear | Villager (Male) |
Build order — [TOX2] A-c-Syno-666
Primeras 150 de 195 acciones detectadas
| 0:23 | Construir | Town Center |
| 1:52 | Construir | Dock |
| 1:56 | Construir | Palisade Wall |
| 2:32 | Construir | House |
| 2:40 | Crear | Villager (Male) |
| 2:40 | Crear | Villager (Male) |
| 2:48 | Crear | Villager (Male) |
| 2:48 | Crear | Villager (Male) |
| 4:18 | Crear | Fishing Ship |
| 4:22 | Construir | House |
| 4:41 | Investigar | Loom |
| 4:41 | Investigar | Loom |
| 4:59 | Crear | Villager (Male) |
| 4:59 | Crear | Villager (Male) |
| 5:17 | Crear | Fishing Ship |
| 5:30 | Crear | Villager (Male) |
| 5:31 | Crear | Villager (Male) |
| 5:53 | Crear | Villager (Male) |
| 5:53 | Crear | Villager (Male) |
| 6:09 | Construir | House |
| 6:14 | Construir | House |
| 6:17 | Crear | Villager (Male) |
| 6:33 | Crear | Villager (Male) |
| 6:34 | Crear | Villager (Male) |
| 6:41 | Crear | Fishing Ship |
| 6:41 | Crear | Fishing Ship |
| 6:50 | Crear | Villager (Male) |
| 6:50 | Crear | Villager (Male) |
| 7:25 | Crear | Villager (Male) |
| 7:28 | Construir | House |
| 7:34 | Crear | Villager (Male) |
| 7:34 | Crear | Villager (Male) |
| 7:39 | Crear | Villager (Male) |
| 7:58 | Crear | Fishing Ship |
| 8:09 | Crear | Villager (Male) |
| 8:11 | Crear | Villager (Male) |
| 8:19 | Construir | House |
| 8:23 | Crear | Villager (Male) |
| 8:34 | Construir | Mill |
| 8:56 | Crear | Villager (Male) |
| 9:01 | Crear | Villager (Male) |
| 9:13 | Crear | Villager (Male) |
| 9:26 | Crear | Villager (Male) |
| 9:40 | Construir | Mining Camp |
| 9:53 | Crear | Villager (Male) |
| 10:38 | Investigar | Feudal Age |
| 11:31 | Construir | House |
| 12:03 | Construir | Barracks |
| 12:48 | Edad | Edad Feudal |
| 12:50 | Construir | Stable |
| 12:54 | Crear | Villager (Male) |
| 12:54 | Crear | Villager (Male) |
| 13:06 | Construir | House |
| 13:16 | Crear | Scout Cavalry |
| 13:17 | Crear | Scout Cavalry |
| 13:17 | Crear | Villager (Male) |
| 13:48 | Crear | Villager (Male) |
| 13:56 | Construir | Blacksmith |
| 13:58 | Crear | Scout Cavalry |
| 13:58 | Crear | Villager (Male) |
| 14:10 | Crear | Scout Cavalry |
| 14:18 | Investigar | Forging |
| 14:18 | Investigar | Forging |
| 14:43 | Crear | Scout Cavalry |
| 14:44 | Crear | Villager (Male) |
| 14:59 | Crear | Villager (Male) |
| 15:13 | Crear | Villager (Male) |
| 15:16 | Construir | House |
| 16:13 | Crear | Villager (Male) |
| 16:13 | Crear | Villager (Male) |
| 16:37 | Crear | Villager (Male) |
| 16:41 | Crear | Scout Cavalry |
| 16:58 | Construir | House |
| 17:04 | Construir | Market |
| 17:06 | Investigar | Scale Barding Armor |
| 17:08 | Crear | Scout Cavalry |
| 17:08 | Crear | Villager (Male) |
| 17:22 | Construir | Lumber Camp |
| 19:15 | Investigar | Castle Age |
| 19:15 | Investigar | Castle Age |
| 19:49 | Crear | Villager (Male) |
| 19:56 | Investigar | Horse Collar |
| 20:16 | Construir | House |
| 20:22 | Construir | Farm |
| 20:24 | Construir | Farm |
| 20:27 | Construir | Farm |
| 20:29 | Investigar | Double-Bit Axe |
| 20:48 | Construir | Farm |
| 21:55 | Edad | Edad de los Castillos |
| 22:08 | Investigar | Light Cavalry (upgrade) |
| 22:12 | Construir | Stable |
| 22:17 | Construir | Town Center |
| 22:18 | Crear | Villager (Male) |
| 22:18 | Crear | Villager (Male) |
| 23:10 | Crear | Villager (Male) |
| 23:10 | Crear | Villager (Male) |
| 23:17 | Construir | Town Center |
| 23:20 | Investigar | Bloodlines |
| 23:46 | Construir | Farm |
| 23:47 | Construir | Farm |
| 23:51 | Construir | Farm |
| 23:53 | Investigar | Wheelbarrow |
| 23:53 | Investigar | Wheelbarrow |
| 24:00 | Investigar | Husbandry |
| 24:01 | Investigar | Husbandry |
| 24:09 | Crear | Scout Cavalry |
| 24:10 | Crear | Scout Cavalry |
| 24:11 | Crear | Villager (Male) |
| 24:25 | Crear | Scout Cavalry |
| 24:26 | Crear | Villager (Male) |
| 24:27 | Crear | Villager (Male) |
| 24:42 | Construir | House |
| 24:44 | Construir | House |
| 24:44 | Crear | Villager (Male) |
| 24:45 | Crear | Villager (Male) |
| 25:00 | Construir | Farm |
| 25:08 | Investigar | Heavy Plow |
| 25:08 | Investigar | Heavy Plow |
| 25:24 | Investigar | Bow Saw |
| 25:24 | Crear | Villager (Male) |
| 25:24 | Crear | Villager (Male) |
| 25:46 | Construir | Farm |
| 25:49 | Crear | Scout Cavalry |
| 25:49 | Crear | Scout Cavalry |
| 25:49 | Crear | Scout Cavalry |
| 25:50 | Crear | Scout Cavalry |
| 25:51 | Crear | Villager (Male) |
| 26:13 | Crear | Scout Cavalry |
| 26:15 | Construir | Stable |
| 26:36 | Crear | Scout Cavalry |
| 26:39 | Crear | Villager (Male) |
| 26:40 | Crear | Villager (Male) |
| 26:45 | Construir | Farm |
| 27:01 | Investigar | Chain Barding Armor |
| 27:02 | Crear | Villager (Male) |
| 27:02 | Crear | Villager (Male) |
| 27:55 | Crear | Villager (Male) |
| 27:56 | Crear | Villager (Male) |
| 27:58 | Crear | Scout Cavalry |
| 27:58 | Crear | Scout Cavalry |
| 27:58 | Crear | Scout Cavalry |
| 27:59 | Crear | Villager (Male) |
| 27:59 | Crear | Villager (Male) |
| 28:14 | Crear | Villager (Male) |
| 28:15 | Crear | Villager (Male) |
| 28:23 | Construir | Farm |
| 28:23 | Construir | Farm |
| 28:24 | Construir | Farm |
| 28:24 | Construir | Farm |
| 28:24 | Construir | Farm |
Build order — The Ham-Star
Primeras 150 de 171 acciones detectadas
| 0:22 | Construir | Town Center |
| 1:30 | Construir | Dock |
| 1:32 | Construir | House |
| 2:36 | Crear | Villager (Male) |
| 2:36 | Crear | Villager (Male) |
| 2:36 | Crear | Villager (Male) |
| 2:37 | Crear | Villager (Male) |
| 3:36 | Crear | Fishing Ship |
| 4:07 | Investigar | Loom |
| 4:18 | Construir | House |
| 4:42 | Crear | Villager (Male) |
| 5:21 | Crear | Villager (Male) |
| 5:54 | Crear | Villager (Male) |
| 5:55 | Crear | Fishing Ship |
| 6:08 | Crear | Villager (Male) |
| 6:25 | Crear | Villager (Male) |
| 6:29 | Construir | House |
| 6:57 | Crear | Villager (Male) |
| 7:17 | Crear | Fishing Ship |
| 7:20 | Crear | Villager (Male) |
| 7:37 | Crear | Villager (Male) |
| 7:38 | Crear | Fishing Ship |
| 7:55 | Construir | House |
| 7:59 | Crear | Villager (Male) |
| 8:05 | Crear | Fishing Ship |
| 8:41 | Crear | Villager (Male) |
| 8:48 | Crear | Fishing Ship |
| 8:51 | Construir | House |
| 8:57 | Construir | Mining Camp |
| 9:16 | Crear | Villager (Male) |
| 9:22 | Construir | House |
| 9:36 | Crear | Villager (Male) |
| 9:52 | Crear | Fishing Ship |
| 10:12 | Crear | Villager (Male) |
| 10:42 | Construir | Mill |
| 10:51 | Crear | Villager (Male) |
| 10:59 | Construir | House |
| 11:25 | Investigar | Feudal Age |
| 11:55 | Crear | Fishing Ship |
| 12:08 | Construir | Lumber Camp |
| 12:18 | Construir | Dock |
| 13:21 | Crear | Fishing Ship |
| 13:33 | Crear | Villager (Male) |
| 13:35 | Edad | Edad Feudal |
| 13:39 | Investigar | Double-Bit Axe |
| 13:43 | Construir | Blacksmith |
| 13:47 | Crear | Galley |
| 13:48 | Crear | Galley |
| 13:56 | Crear | Villager (Male) |
| 14:14 | Crear | Galley |
| 14:15 | Crear | Galley |
| 14:21 | Crear | Villager (Male) |
| 14:26 | Investigar | Fletching |
| 14:33 | Construir | House |
| 14:37 | Investigar | Town Watch |
| 14:51 | Investigar | Tech 906 |
| 14:58 | Crear | Villager (Male) |
| 15:01 | Construir | House |
| 15:31 | Construir | Dock |
| 15:39 | Crear | Fire Galley |
| 15:39 | Crear | Fire Galley |
| 15:41 | Crear | Villager (Male) |
| 16:08 | Crear | Fire Galley |
| 16:14 | Crear | Villager (Male) |
| 16:17 | Construir | House |
| 16:23 | Construir | House |
| 16:53 | Crear | Villager (Male) |
| 16:58 | Crear | Fire Galley |
| 16:58 | Crear | Fire Galley |
| 17:35 | Crear | Villager (Male) |
| 17:38 | Construir | Market |
| 17:49 | Construir | Barracks |
| 18:19 | Crear | Villager (Male) |
| 18:26 | Crear | Spearman |
| 18:26 | Crear | Spearman |
| 18:29 | Investigar | Castle Age |
| 18:48 | Crear | Unit 2626 |
| 18:50 | Crear | Unit 2626 |
| 18:54 | Construir | House |
| 20:57 | Construir | Lumber Camp |
| 21:07 | Investigar | Gold Mining |
| 21:18 | Construir | House |
| 21:24 | Edad | Edad de los Castillos |
| 21:29 | Investigar | War Galley (upgrade) |
| 21:36 | Crear | Unit 2626 |
| 21:38 | Crear | Unit 2626 |
| 21:41 | Crear | Villager (Male) |
| 21:46 | Construir | Monastery |
| 21:49 | Construir | Monastery |
| 21:52 | Crear | Villager (Male) |
| 22:09 | Crear | Unit 2626 |
| 22:12 | Crear | Villager (Male) |
| 22:18 | Crear | Monk |
| 22:23 | Construir | Mining Camp |
| 22:27 | Crear | Villager (Male) |
| 22:31 | Crear | Monk |
| 22:43 | Crear | Unit 2626 |
| 23:10 | Crear | Villager (Male) |
| 23:18 | Crear | Villager (Male) |
| 23:36 | Crear | Unit 2626 |
| 23:58 | Crear | Villager (Male) |
| 23:58 | Crear | Villager (Male) |
| 24:06 | Construir | Dock |
| 24:07 | Construir | Dock |
| 24:34 | Investigar | Sanctity |
| 24:35 | Crear | Monk |
| 24:56 | Crear | Unit 2626 |
| 24:57 | Crear | Unit 2626 |
| 25:18 | Crear | Monk |
| 25:19 | Crear | Monk |
| 25:26 | Crear | Unit 2626 |
| 25:42 | Construir | Town Center |
| 26:09 | Construir | House |
| 26:10 | Construir | House |
| 26:21 | Crear | Unit 2626 |
| 26:21 | Crear | Unit 2626 |
| 26:40 | Construir | House |
| 27:14 | Crear | Villager (Male) |
| 27:15 | Crear | Villager (Male) |
| 27:21 | Construir | Town Center |
| 28:10 | Crear | Fishing Ship |
| 28:13 | Crear | Villager (Male) |
| 28:13 | Crear | Villager (Male) |
| 28:49 | Crear | Villager (Male) |
| 29:14 | Crear | Unit 2626 |
| 29:14 | Crear | Unit 2626 |
| 29:16 | Crear | Villager (Male) |
| 29:16 | Crear | Villager (Male) |
| 29:29 | Construir | House |
| 29:30 | Construir | House |
| 29:33 | Construir | House |
| 29:36 | Crear | Villager (Male) |
| 29:44 | Investigar | Horse Collar |
| 29:54 | Investigar | Forging |
| 30:07 | Crear | Villager (Male) |
| 30:10 | Construir | Farm |
| 30:11 | Construir | Farm |
| 30:12 | Construir | Farm |
| 30:13 | Construir | Farm |
| 30:17 | Construir | Farm |
| 30:18 | Construir | Farm |
| 30:19 | Construir | Farm |
| 30:20 | Construir | Farm |
| 30:30 | Crear | Unit 2626 |
| 30:37 | Crear | Villager (Male) |
| 30:37 | Crear | Villager (Male) |
| 31:02 | Crear | Fishing Ship |
| 31:03 | Crear | Fishing Ship |
| 31:13 | Crear | Villager (Male) |
| 31:23 | Crear | Villager (Male) |
Build order — KUKU77
Primeras 150 de 157 acciones detectadas
| 0:07 | Construir | House |
| 0:17 | Construir | Town Center |
| 1:02 | Construir | House |
| 1:58 | Construir | Dock |
| 2:35 | Crear | Villager (Male) |
| 2:35 | Crear | Villager (Male) |
| 2:36 | Crear | Villager (Male) |
| 2:36 | Crear | Villager (Male) |
| 2:36 | Crear | Villager (Male) |
| 4:06 | Crear | Fishing Ship |
| 4:22 | Construir | House |
| 4:25 | Investigar | Loom |
| 4:36 | Crear | Villager (Male) |
| 5:15 | Crear | Villager (Male) |
| 5:15 | Crear | Villager (Male) |
| 5:34 | Crear | Villager (Male) |
| 5:55 | Crear | Fishing Ship |
| 5:58 | Crear | Villager (Male) |
| 5:58 | Crear | Villager (Male) |
| 6:31 | Crear | Fishing Ship |
| 6:48 | Crear | Villager (Male) |
| 6:48 | Crear | Villager (Male) |
| 6:56 | Construir | House |
| 7:52 | Crear | Villager (Male) |
| 8:04 | Crear | Villager (Male) |
| 8:04 | Crear | Villager (Male) |
| 8:04 | Crear | Villager (Male) |
| 8:19 | Construir | House |
| 8:22 | Crear | Fishing Ship |
| 9:02 | Crear | Villager (Male) |
| 9:11 | Construir | Outpost |
| 9:15 | Crear | Villager (Male) |
| 9:26 | Crear | Fishing Ship |
| 9:31 | Construir | House |
| 9:54 | Construir | House |
| 10:01 | Crear | Villager (Male) |
| 10:03 | Crear | Fishing Ship |
| 10:18 | Construir | House |
| 10:30 | Crear | Villager (Male) |
| 10:33 | Construir | House |
| 10:36 | Crear | Villager (Male) |
| 11:05 | Crear | Villager (Male) |
| 11:11 | Construir | Lumber Camp |
| 11:56 | Construir | Outpost |
| 12:35 | Crear | Villager (Male) |
| 12:39 | Crear | Villager (Male) |
| 12:54 | Investigar | Feudal Age |
| 13:04 | Crear | Fishing Ship |
| 13:43 | Construir | Outpost |
| 14:21 | Construir | Mining Camp |
| 14:25 | Crear | Villager (Male) |
| 14:26 | Crear | Villager (Male) |
| 14:30 | Construir | Outpost |
| 15:10 | Construir | House |
| 15:10 | Edad | Edad Feudal |
| 15:27 | Construir | Blacksmith |
| 15:34 | Crear | Villager (Male) |
| 15:48 | Construir | Mill |
| 16:11 | Construir | Market |
| 16:18 | Construir | House |
| 16:23 | Construir | House |
| 16:25 | Crear | Villager (Male) |
| 16:32 | Investigar | Double-Bit Axe |
| 16:53 | Crear | Villager (Male) |
| 17:03 | Investigar | Castle Age |
| 17:03 | Investigar | Castle Age |
| 17:13 | Construir | Outpost |
| 17:18 | Construir | Mining Camp |
| 17:45 | Construir | Barracks |
| 17:49 | Construir | House |
| 18:14 | Construir | House |
| 18:15 | Construir | House |
| 18:43 | Construir | Lumber Camp |
| 19:04 | Construir | House |
| 19:11 | Construir | House |
| 19:15 | Construir | House |
| 19:23 | Crear | Demolition Raft |
| 19:34 | Construir | House |
| 19:35 | Construir | House |
| 19:39 | Construir | House |
| 19:42 | Construir | House |
| 19:43 | Construir | House |
| 19:45 | Crear | Villager (Male) |
| 19:58 | Edad | Edad de los Castillos |
| 20:20 | Construir | Castle |
| 20:34 | Construir | House |
| 20:48 | Construir | House |
| 20:53 | Construir | Stone Wall |
| 21:02 | Crear | Villager (Male) |
| 21:10 | Construir | Siege Workshop |
| 21:20 | Investigar | Bow Saw |
| 21:37 | Crear | Spearman |
| 22:01 | Crear | Villager (Male) |
| 22:12 | Construir | Market |
| 22:18 | Crear | Spearman |
| 22:55 | Crear | Spearman |
| 22:55 | Crear | Spearman |
| 22:59 | Crear | Villager (Male) |
| 22:59 | Crear | Villager (Male) |
| 22:59 | Crear | Villager (Male) |
| 23:05 | Crear | Mangonel |
| 23:36 | Construir | Stone Wall |
| 23:36 | Construir | Stone Wall |
| 23:39 | Construir | Stone Wall |
| 23:40 | Construir | Stone Wall |
| 24:10 | Construir | Gate |
| 24:13 | Construir | Gate |
| 24:16 | Construir | Gate |
| 24:44 | Construir | Stone Wall |
| 24:44 | Construir | Stone Wall |
| 25:37 | Construir | Town Center |
| 25:46 | Construir | Outpost |
| 25:50 | Crear | Chakram Thrower |
| 26:17 | Crear | Chakram Thrower |
| 26:27 | Crear | Villager (Male) |
| 26:28 | Crear | Villager (Male) |
| 26:44 | Crear | Villager (Male) |
| 26:59 | Crear | Chakram Thrower |
| 27:00 | Crear | Chakram Thrower |
| 27:27 | Construir | Farm |
| 27:28 | Construir | Farm |
| 27:28 | Construir | Farm |
| 27:39 | Crear | Chakram Thrower |
| 27:53 | Crear | Chakram Thrower |
| 28:14 | Crear | Villager (Male) |
| 29:13 | Construir | House |
| 29:21 | Construir | House |
| 29:28 | Crear | Villager (Male) |
| 29:40 | Construir | Town Center |
| 29:46 | Construir | Stone Wall |
| 29:58 | Crear | Villager (Male) |
| 30:54 | Construir | Stone Wall |
| 31:24 | Construir | Stone Wall |
| 31:33 | Crear | Villager (Male) |
| 31:34 | Crear | Villager (Male) |
| 31:34 | Crear | Villager (Male) |
| 31:37 | Construir | Farm |
| 31:38 | Construir | Farm |
| 31:38 | Construir | Farm |
| 31:40 | Construir | Farm |
| 31:41 | Construir | Farm |
| 31:53 | Construir | Outpost |
| 32:08 | Construir | House |
| 32:10 | Construir | House |
| 32:24 | Construir | House |
| 32:25 | Construir | House |
| 32:26 | Construir | House |
| 32:27 | Construir | House |
| 32:30 | Construir | Farm |
| 32:48 | Crear | Villager (Male) |
Build order — MFL91
Primeras 150 de 248 acciones detectadas
| 0:18 | Construir | Palisade Wall |
| 0:21 | Construir | Palisade Wall |
| 0:23 | Construir | Palisade Wall |
| 0:31 | Construir | Town Center |
| 1:14 | Construir | Town Center |
| 5:53 | Crear | Villager (Male) ×5 |
| 5:58 | Construir | House |
| 5:59 | Construir | House |
| 7:20 | Crear | Villager (Male) |
| 7:20 | Crear | Villager (Male) |
| 7:21 | Crear | Villager (Male) |
| 7:42 | Construir | Dock |
| 8:16 | Crear | Villager (Male) |
| 8:16 | Crear | Villager (Male) |
| 8:42 | Crear | Fishing Ship |
| 9:02 | Crear | Villager (Male) |
| 9:03 | Crear | Villager (Male) |
| 9:03 | Crear | Villager (Male) |
| 9:19 | Construir | House |
| 9:29 | Crear | Villager (Male) |
| 9:29 | Crear | Villager (Male) |
| 9:29 | Crear | Villager (Male) |
| 9:46 | Crear | Fishing Ship |
| 9:51 | Construir | House |
| 10:05 | Crear | Villager (Male) |
| 10:06 | Crear | Villager (Male) |
| 10:06 | Crear | Villager (Male) |
| 10:23 | Crear | Fishing Ship |
| 10:24 | Crear | Fishing Ship |
| 10:29 | Crear | Villager (Male) |
| 10:29 | Crear | Villager (Male) |
| 10:49 | Crear | Fishing Ship |
| 10:55 | Crear | Villager (Male) |
| 10:55 | Crear | Villager (Male) |
| 10:55 | Crear | Villager (Male) |
| 11:12 | Crear | Villager (Male) |
| 11:12 | Crear | Villager (Male) |
| 11:12 | Crear | Villager (Male) |
| 11:37 | Crear | Villager (Male) |
| 11:37 | Crear | Villager (Male) |
| 11:54 | Construir | Dock |
| 11:57 | Crear | Fishing Ship |
| 12:03 | Construir | House |
| 12:12 | Crear | Villager (Male) |
| 12:12 | Crear | Villager (Male) |
| 12:13 | Crear | Villager (Male) |
| 12:19 | Crear | Villager (Male) |
| 12:19 | Crear | Villager (Male) |
| 12:31 | Crear | Fishing Ship |
| 12:41 | Investigar | Loom |
| 12:43 | Crear | Villager (Male) |
| 12:44 | Crear | Villager (Male) |
| 12:44 | Crear | Villager (Male) |
| 12:45 | Crear | Fishing Ship |
| 12:50 | Construir | House |
| 12:57 | Crear | Villager (Male) |
| 12:58 | Crear | Villager (Male) |
| 12:58 | Crear | Villager (Male) |
| 13:11 | Construir | Lumber Camp |
| 13:13 | Crear | Villager (Male) |
| 13:19 | Construir | House |
| 13:39 | Crear | Villager (Male) |
| 13:42 | Crear | Fishing Ship |
| 13:42 | Crear | Fishing Ship |
| 13:48 | Construir | House |
| 13:59 | Crear | Villager (Male) |
| 13:59 | Crear | Villager (Male) |
| 14:08 | Crear | Fishing Ship |
| 14:08 | Crear | Fishing Ship |
| 14:09 | Crear | Villager (Male) |
| 14:09 | Crear | Villager (Male) |
| 14:09 | Crear | Villager (Male) |
| 14:28 | Crear | Villager (Male) |
| 14:28 | Crear | Villager (Male) |
| 14:29 | Crear | Villager (Male) |
| 14:33 | Crear | Fishing Ship |
| 14:35 | Crear | Fishing Ship |
| 14:35 | Crear | Fishing Ship |
| 14:35 | Crear | Fishing Ship |
| 14:36 | Crear | Villager (Male) |
| 14:36 | Crear | Villager (Male) |
| 14:36 | Crear | Villager (Male) |
| 15:00 | Construir | Dock |
| 15:12 | Crear | Villager (Male) |
| 15:14 | Crear | Fishing Ship |
| 15:37 | Construir | Mill |
| 15:39 | Crear | Villager (Male) |
| 15:44 | Crear | Fishing Ship |
| 15:45 | Crear | Fishing Ship |
| 15:45 | Crear | Fishing Ship |
| 15:54 | Crear | Fishing Ship |
| 15:54 | Crear | Fishing Ship |
| 15:54 | Crear | Fishing Ship |
| 16:23 | Crear | Fishing Ship |
| 16:23 | Crear | Fishing Ship |
| 16:37 | Construir | House |
| 16:59 | Investigar | Feudal Age |
| 17:05 | Crear | Fishing Ship |
| 17:05 | Crear | Fishing Ship |
| 17:05 | Crear | Fishing Ship |
| 17:11 | Construir | House |
| 17:15 | Crear | Fishing Ship |
| 17:15 | Crear | Fishing Ship |
| 17:15 | Crear | Fishing Ship |
| 17:33 | Crear | Fishing Ship |
| 17:33 | Crear | Fishing Ship |
| 17:33 | Crear | Fishing Ship |
| 17:39 | Construir | House |
| 17:54 | Crear | Fishing Ship |
| 17:54 | Crear | Fishing Ship |
| 18:00 | Crear | Fishing Ship |
| 18:00 | Crear | Fishing Ship |
| 18:00 | Crear | Fishing Ship |
| 19:08 | Edad | Edad Feudal |
| 19:11 | Construir | Blacksmith |
| 19:13 | Construir | Market |
| 19:14 | Crear | Villager (Male) |
| 19:15 | Crear | Villager (Male) |
| 19:16 | Crear | Villager (Male) |
| 19:20 | Investigar | Double-Bit Axe |
| 19:20 | Investigar | Horse Collar |
| 19:46 | Construir | Mining Camp |
| 19:52 | Construir | House |
| 19:53 | Construir | House |
| 20:05 | Crear | Demolition Raft |
| 20:06 | Crear | Demolition Raft |
| 20:13 | Crear | Fishing Ship |
| 20:13 | Crear | Fishing Ship |
| 20:13 | Crear | Fishing Ship |
| 20:16 | Investigar | Castle Age |
| 20:16 | Investigar | Castle Age |
| 20:26 | Investigar | Tech 906 |
| 20:26 | Investigar | Tech 906 |
| 20:55 | Crear | Fishing Ship |
| 20:55 | Crear | Fishing Ship |
| 20:55 | Crear | Fishing Ship |
| 22:11 | Construir | Palisade Wall |
| 22:14 | Construir | Palisade Wall |
| 22:15 | Construir | Palisade Wall |
| 22:18 | Construir | Palisade Wall |
| 22:48 | Edad | Edad de los Castillos |
| 22:54 | Construir | Town Center |
| 23:02 | Construir | Town Center |
| 23:10 | Construir | Town Center |
| 23:16 | Crear | Villager (Male) |
| 23:31 | Crear | Villager (Male) |
| 23:47 | Investigar | Bow Saw |
| 23:53 | Construir | Town Center |
| 23:55 | Crear | Villager (Male) ×5 |
| 24:26 | Crear | Villager (Male) |
Cronología de la partida
| 0:18 | MFL91 · wall_segment Palisade Wall x1 |
| 0:21 | MFL91 · wall_segment Palisade Wall x1 |
| 0:23 | MFL91 · wall_segment Palisade Wall x1 |
| 1:08 | tH_cept · first_building Dock |
| 1:30 | The Ham-Star · first_building Dock |
| 1:30 | MrDude · first_building Dock |
| 1:52 | [TOX2] A-c-Syno-666 · first_building Dock |
| 1:56 | [TOX2] A-c-Syno-666 · wall_segment Palisade Wall x1 |
| 1:58 | KUKU77 · first_building Dock |
| 2:04 | 21 · first_building Dock |
| 2:41 | Elite Rizz Master · first_building Dock |
| 7:42 | MFL91 · first_building Dock |
| 12:03 | [TOX2] A-c-Syno-666 · first_building Barracks |
| 12:48 | [TOX2] A-c-Syno-666 · age_up feudal |
| 12:50 | [TOX2] A-c-Syno-666 · first_building Stable |
| 12:59 | tH_cept · first_building Barracks |
| 13:04 | MrDude · age_up feudal |
| 13:24 | Elite Rizz Master · age_up feudal |
| 13:35 | The Ham-Star · age_up feudal |
| 14:04 | tH_cept · age_up feudal |
| 14:22 | 21 · age_up feudal |
| 14:28 | tH_cept · first_building Stable |
| 15:10 | KUKU77 · age_up feudal |
| 15:25 | tH_cept · first_building Siege Workshop |
| 17:11 | MrDude · age_up castle |
| 17:22 | 21 · wall_segment Palisade Wall x1 |
| 17:26 | 21 · wall_segment Palisade Wall x1 |
| 17:28 | 21 · wall_segment Palisade Wall x1 |
| 17:44 | Elite Rizz Master · age_up castle |
| 17:45 | KUKU77 · first_building Barracks |
| 17:49 | The Ham-Star · first_building Barracks |
| 17:57 | 21 · age_up castle |
| 18:02 | Elite Rizz Master · first_building Castle |
| 18:03 | 21 · first_building Castle |
| 18:10 | Elite Rizz Master · wall_segment Palisade Wall x4 |
| 18:17 | 21 · first_building Siege Workshop |
| 18:32 | Elite Rizz Master · first_building Siege Workshop |
| 18:43 | [TOX2] A-c-Syno-666 · first_market_sell 100 wood |
| 18:44 | [TOX2] A-c-Syno-666 · first_market_buy 100 food |
| 18:57 | MrDude · first_market_sell 100 food |
| 19:05 | Elite Rizz Master · first_building Barracks |
| 19:08 | MFL91 · age_up feudal |
| 19:11 | Elite Rizz Master · wall_segment Palisade Wall x4 |
| 19:58 | KUKU77 · age_up castle |
| 20:20 | KUKU77 · first_building Castle |
| 20:53 | KUKU77 · wall_segment Stone Wall x9 |
| 21:10 | KUKU77 · first_building Siege Workshop |
| 21:18 | KUKU77 · first_market_sell 100 food |
| 21:19 | KUKU77 · first_market_buy 100 wood |
| 21:24 | The Ham-Star · age_up castle |
| 21:32 | tH_cept · wall_segment Palisade Wall x1 |
| 21:46 | The Ham-Star · first_building Monastery |
| 21:55 | [TOX2] A-c-Syno-666 · age_up castle |
| 22:11 | MFL91 · wall_segment Palisade Wall x1 |
| 22:14 | MFL91 · wall_segment Palisade Wall x1 |
| 22:15 | MFL91 · wall_segment Palisade Wall x1 |
| 22:18 | MFL91 · wall_segment Palisade Wall x1 |
| 22:35 | Elite Rizz Master · first_building Stable |
| 22:48 | MFL91 · age_up castle |
| 23:36 | KUKU77 · wall_segment Stone Wall x1 |
| 23:36 | KUKU77 · wall_segment Stone Wall x1 |
| 23:39 | KUKU77 · wall_segment Stone Wall x1 |
| 23:40 | KUKU77 · wall_segment Stone Wall x1 |
| 23:40 | MFL91 · first_market_sell 100 food |
| 23:42 | MFL91 · first_market_buy 100 stone |
| 24:25 | tH_cept · first_market_buy 100 stone |
| 24:44 | KUKU77 · wall_segment Stone Wall x1 |
| 24:44 | KUKU77 · wall_segment Stone Wall x1 |
| 24:45 | tH_cept · first_market_sell 100 wood |
| 25:49 | MFL91 · first_building Siege Workshop |
| 26:46 | tH_cept · wall_segment Palisade Wall x1 |
| 27:39 | tH_cept · age_up castle |
| 27:57 | MFL91 · first_building Castle |
| 28:19 | MrDude · first_building Barracks |
| 29:10 | MrDude · first_building Stable |
| 29:42 | The Ham-Star · first_market_buy 100 food |
| 29:46 | KUKU77 · wall_segment Stone Wall x1 |
| 30:54 | KUKU77 · wall_segment Stone Wall x6 |
| 31:24 | KUKU77 · wall_segment Stone Wall x7 |
| 32:49 | Elite Rizz Master · first_building Monastery |
| 33:02 | KUKU77 · wall_segment Stone Wall x10 |
| 33:03 | MFL91 · resign |
| 33:04 | [TOX2] A-c-Syno-666 · first_building Castle |
[ ANÁLISIS IA · 1 CRÉDITO ]
¿Qué pasó realmente en esta partida?
Wolo.gg analiza cada decisión: build order, eco, micro, errores típicos por bracket. Análisis personalizado por WhatsApp o Discord en 30 segundos.
Guía civ
Cumanos
Perfil
Jugador #5444299